 Dungeon Crawl Stone Soup version 0.22-a0-423-g4197694 (webtiles) character file.

347 KristoblXynda the Ruffian (level 6, -2/53 HPs)
             Began as a Troll Wizard on May 23, 2018.
             Was a Follower of Dithmenos.
             Killed from afar by an orc wizard (5 damage)
             ... with a magic dart
             ... on level 4 of the Dungeon.
             The game lasted 00:05:48 (2864 turns).

KristoblXynda the Ruffian (Troll Wizard)            Turns: 2864, Time: 00:05:49

Health: -2/53      AC:  7    Str: 15 (16) XL:     6   Next: 32%
Magic:  8/8        EV:  9    Int: 19 (21) God:    Dithmenos [*.....]
Gold:   200        SH:  0    Dex:  6 (8)  Spells: 8/9 levels left

rFire    . . .     SeeInvis .     - Unarmed
rCold    . . .     Gourm    +   (no shield)
rNeg     . . .     Faith    .   a - +0 robe
rPois    .         Spirit   .   m - +2 hat
rElec    .         Reflect  .   (no cloak)
rCorr    .         Harm     .   (gloves unavailable)
MR       .....                  (boots unavailable)
Stlth    +.........             (no amulet)
HPRegen  0.57/turn              (no ring)
MPRegen  0.11/turn              (no ring)

@: brilliant, lethally poisoned (-2 -> -18), hasted, wreathed by umbra, very
quick
A: large, unfitting armour, claws 3, fast metabolism 3, gourmand, regeneration
1, shaggy fur 1, tough skin 2
a: Renounce Religion


You were on level 4 of the Dungeon.
You worshipped Dithmenos.
Dithmenos was aware of your devotion.
You were completely stuffed.

You visited 1 branch of the dungeon, and saw 4 of its levels.

You collected 200 gold pieces.

Inventory:

Armour
 a - a +0 robe (worn)
 m - a +2 hat (worn)
Jewellery
 q - the ring "Uhu Gead" {Fire rElec Str-3 Dex+9 SInv, unknown}
   (You found it on level 4 of the Dungeon)

   [ring of fire]

   It enhances your fire magic.
   It affects your strength (-3).
   It affects your dexterity (+9).
   It protects you from fire.
   It makes you vulnerable to cold.
   It insulates you from electricity.
   It lets you see invisible.
Scrolls
 b - a scroll of fog {unknown}
 c - 5 scrolls of identify {unknown}
 i - a scroll of magic mapping
 k - a scroll of enchant weapon {unknown}
 l - a scroll of teleportation {unknown}
 n - a scroll of blinking {unknown}
 o - 2 scrolls of fear {unknown}
Potions
 e - a potion of brilliance
 g - a potion of lignification {unknown}
Comestibles
 d - 11 rations


   Skills:
 - Level 1.5 Dodging
 - Level 1.0 Stealth
 * Level 4.3 Unarmed Combat
 - Level 2.0 Spellcasting
 * Level 3.4 Conjurations
   Level 0.6 Summonings
   Level 0.6 Translocations


You had 8 spell levels left.
You knew the following spells:

 Your Spells              Type           Power        Failure   Level  Hunger
a - Magic Dart            Conj           ####         1%          1    #......

Your spell library contained the following spells:

 Spells                   Type           Power        Failure   Level  Hunger
 Apportation              Tloc           ###...       1%          1    #......
 Conjure Flame            Conj/Fire      ###.....     3%          3    ###....
 Slow                     Hex            ##......     3%          2    ###....
 Confuse                  Hex            ##......     6%          3    ###....
 Mephitic Cloud           Conj/Pois/Air  ###.....     4%          3    ###....
 Summon Small Mammal      Summ           ###.         1%          1    #......
 Blink                    Tloc           N/A          2%          2    ###....
 Animate Skeleton         Necr           N/A          2%          1    #......
 Call Imp                 Summ           ###.....     2%          2    ###....
 Tukima's Dance           Hex            ##......     6%          3    ###....
 Confusing Touch          Hex            ##....       2%          1    #......
 Ensorcelled Hibernation  Hex/Ice        ##....       3%          2    ###....
 Corona                   Hex            ##.....      2%          1    #......
 Dazzling Spray           Conj/Hex       ###...       3%          3    ###....


Dungeon Overview and Level Annotations

Branches:
Dungeon (4/15)
 Temple: D:4-7

Altars:
Dithmenos
Vehumet


Innate Abilities, Weirdness & Mutations

You are too large for most types of armour.
You have claws for hands.
Your metabolism is lightning-fast.
You like to eat raw meat.
Your natural rate of healing is unusually fast.
You are covered in fur. (AC +1)
You have very tough skin. (AC +2)


Message History

You are more poisoned.
Unknown command.
Okay, then.
* * * LOW HITPOINT WARNING * * *
You feel sick.
Things that are here:
a dagger; a robe; an orc corpse
* * * LOW HITPOINT WARNING * * *
You feel sick.
* * * LOW HITPOINT WARNING * * *
You feel sick.
* * * LOW HITPOINT WARNING * * *
You feel sick.
* * * LOW HITPOINT WARNING * * *
You feel sick.
* * * LOW HITPOINT WARNING * * *
You feel sick.
A magic dart appears from out of thin air!
The magic dart hits you!
You die...

####.##.#.##..........§..,,,,,,,,
..............[..O...##.**,,,,,,,
#######.#.##O#####...#*,**,,,***,
.,* #.#†##.# #.†.#*,,*,,,,,,, ,,*
#.#.##o# #...#*,,*,,,***, ,,*
#.#.##.# #..<#*,,*,,,* *, ,,*
#.#.##)# #..#.,,,,,,,***, ,,*
#.#.##.#####..###.,**,,,,,, ,,*
#.#.##....@.......,,,,,***,
,,*****,#...............,**,,***,
,,,,,,......######......,,,,,,,,,
,,****#.#..#* *#.###.,**,,****
,,* #,#..* *.# *,,**,,* ,,*
*,#..********,#**,,,,,,* ***
*,#.,,,,,,,,,,,,,,,***,*
*,**,********,***,,***,****
*,,,,,,,,,,,,,* *,,,,,,,,,,


There were no monsters in sight!

Vanquished Creatures
  3 howler monkeys (D:4)
  3 orc wizards
  7 adders
  4 worms
  A dart slug (D:1)
  A leopard gecko (D:3)
  2 orcs (D:3)
  4 ball pythons
  A bat (D:1)
  5 giant cockroaches
  7 goblins
  8 hobgoblins
  5 jackals (D:2)
  13 kobolds
  A quokka (D:3)
  6 frilled lizards
  A rat (D:1)
72 creatures vanquished.

Vanquished Creatures (others)
  A kobold (D:2)
1 creature vanquished.

Grand Total: 73 creatures vanquished

Notes
Turn   | Place    | Note
-------+----------+-------------------------------------------
     0 | D:1      | KristoblXynda the Troll Wizard began the quest for the Orb.
     0 | D:1      | Reached XP level 1. HP: 16/16 MP: 2/2
    22 | D:1      | Reached skill level 1 in Conjurations
   139 | D:1      | Reached skill level 1 in Unarmed Combat
   177 | D:1      | Reached XP level 2. HP: 21/24 MP: 4/4
   726 | D:2      | Reached skill level 2 in Unarmed Combat
   726 | D:2      | Reached XP level 3. HP: 20/31 MP: 5/5
   963 | D:2      | Found a radiant altar of Vehumet.
  1232 | D:2      | Reached XP level 4. HP: 39/39 MP: 6/6
  1769 | D:3      | Found a shadowy altar of Dithmenos.
  1866 | D:3      | Became a worshipper of Dithmenos the Shadowed
  1898 | D:3      | Reached skill level 3 in Unarmed Combat
  1902 | D:3      | Reached XP level 5. HP: 42/45 MP: 7/7
  2647 | D:4      | Reached skill level 4 in Unarmed Combat
  2647 | D:4      | Reached XP level 6. HP: 39/53 MP: 8/8
  2683 | D:4      | Got a sparkling copper ring
  2855 | D:4      | Reached * piety under Dithmenos
  2864 | D:4      | Killed from afar by an orc wizard

Vault maps used:
D:1:      dpeg_arrival_rhombus, minivault_24
D:2:      fiery_altar_vehumet, st_stairs_10, roderic_lattice_a
D:3:      nicolae_dithmenos_shadow_blocks
D:4:      first_ration

Skill      XL: |  1  2  3  4  5 |
---------------+----------------+-----
Conjurations   | 1 2 3 |  3.4
Unarmed Combat | 1 2 3 4 |  4.3
Dodging        | |  1.5
Stealth        | |  1.0
Spellcasting   | |  2.0
Summonings     | |  0.6
Translocations | |  0.6

Action                   |  1- 3 |  4- 6 || total
-------------------------+-------+-------++-------
Melee: Unarmed           |   126 |   151 ||   277
       Punch             |     1 |     4 ||     5
  Use: Potion            |       |     4 ||     4
       Scroll            |       |     1 ||     1
 Stab: Sleeping          |     1 |       ||     1
  Eat: Chunk             |    17 |    15 ||    32
Armor: Robe              |    47 |    54 ||   101
Dodge: Dodged            |    55 |    65 ||   120

Table legend:
 A = Spawn XP
 B = Non-spawn XP
 C = Spawn XP percentage of total XP
 D = Spawn monster count
 E = Non-spawn monster count
 F = Spawn count percentage of total count
 G = Total turns spent on level
                    A         B        C        D         E        F      G
               +---------+---------+-------+---------+---------+-------+---------
         Total |       0 |     496 |   0.0 |       0 |      72 |   0.0 |  2864
               +---------+---------+-------+---------+---------+-------+---------
           D:1 |       0 |      37 |   0.0 |       0 |      22 |   0.0 |   690
           D:2 |       0 |      71 |   0.0 |       0 |      23 |   0.0 |   995
           D:3 |       0 |     138 |   0.0 |       0 |      18 |   0.0 |   721
           D:4 |       0 |     250 |   0.0 |       0 |       9 |   0.0 |   458
               +---------+---------+-------+---------+---------+-------+---------
